 Dungeon Crawl Stone Soup version 0.28.0-53-g5a82cb258f (webtiles) character file.

Game seed: 7884977166969137592

153 Descartes the Ducker (level 5, -8/33 HPs)
             Began as an Octopode Wanderer on June 12, 2022.
             Mangled by a gnoll
             ... wielding a +0 halberd
              (10 damage)
             ... on level 4 of the Dungeon.
             The game lasted 00:04:27 (2994 turns).

Descartes the Ducker (Octopode Wanderer)            Turns: 2994, Time: 00:04:28

Health: -8/33      AC:  3    Str: 12    XL:     5   Next: 35%
Magic:  7/7        EV: 15    Int: 12    God:
Gold:   112        SH:  5    Dex: 15    Spells: 6/6 levels left

rFire   . . .      SeeInvis .   r - +2 war axe (freeze)
rCold   . . .      Faith    .   c - +0 buckler
rNeg    . . .      Spirit   .   d - +2 hat
rPois   .          Reflect  .   h - amulet of magic regeneration
rElec   .          Harm     .   (no ring)
rCorr   .          Rampage  .   (no ring)
Will    .....                   (no ring)
Stlth   +++.......              (no ring)
HPRegen 0.11/turn               (no ring)
MPRegen 0.50/turn               (no ring)
                                (no ring)
                                (no ring)

@: no status effects
A: almost no armour, amphibious, 8 rings, camouflage 1, gelatinous body 1,
(nimble swimmer 1), tentacles
a: no special abilities


You were on level 4 of the Dungeon.
You visited 1 branch of the dungeon, and saw 4 of its levels.

You collected 112 gold pieces.

Inventory:

Hand Weapons
 m - a +0 short sword of protection
 r - a +2 war axe of freezing (weapon)
Missiles
 e - 7 poisoned darts (quivered)
 f - 6 silver boomerangs
 i - 153 stones
Armour
 c - a +0 buckler (worn)
 d - a +2 hat (worn)
Jewellery
 h - an amulet of magic regeneration (around mantle)
Scrolls
 b - 3 scrolls of vulnerability
 g - 3 scrolls of identify {unknown}
 j - a scroll of blinking {unknown}
 n - a scroll of holy word {unknown}
 p - a scroll of enchant armour {unknown}
 s - a scroll of fog {unknown}
Potions
 a - a potion of lignification {unknown}
 k - a potion of flight {unknown}
 l - a potion of heal wounds {unknown}
 o - a potion of degeneration {unknown}
 q - a potion of brilliance {unknown}
 t - a potion of haste {unknown}


   Skills:
 - Level 1.0 Fighting
 + Level 5.3 Dodging
 + Level 2.4 Stealth
 * Level 4.9 Shields
 + Level 1.3 Spellcasting
 + Level 1.0 Transmutations
 + Level 1.1 Earth Magic
 + Level 1.1 Poison Magic


You had 6 spell levels left.
You didn't know any spells.
Your spell library contained the following spells:

 Spells                   Type           Power      Damage    Failure   Level
 Alistair's Intoxication  Tmut/Pois      2%         N/A       100%        5
 Borgnjor's Vile Clutch   Necr/Erth      1%         N/A       100%        5
 Eringya's Noxious Bog    Tmut/Pois      1%         N/A       100%        6


Dungeon Overview and Level Annotations

Branches:
Dungeon (4/15)
 Temple: D:4-7

Altars:

Shops:
D:4 :


Innate Abilities, Weirdness & Mutations

You cannot wear most types of armour.
You are amphibious.
You can wear up to eight rings at the same time.
Your skin changes colour to match your surroundings (Stealth+).
Your rubbery body absorbs attacks. (AC +1, EV +1)
((You are camouflaged when in or above water. (Stealth+)))
You have tentacles for arms and can constrict up to eight enemies at once.


Message History

You now have 112 gold pieces (gained 17).
Found a stone staircase leading down.
You see here an iguana corpse.
t - a metallic orange potion As you open the door, it creaks loudly!
Found 15 sling bullets.
There is an open door here.
A gnoll comes into view. It is wielding a +0 club.
Found Hegaot's Self-Improvement Boutique.
A gnoll comes into view. It is wielding a +0 club.
The gnoll shouts!
You hear an angry hiss.
You hear a shout!
You hear an angry hiss.
A ball python comes into view.
A gnoll comes into view. It is wielding a +0 halberd.
A gnoll comes into view. It is wielding a +0 club.
An iguana comes into view.
The iguana hisses angrily.
The gnoll shouts! x2
You hit the ball python. You freeze the ball python.
You kill the ball python!
The gnoll closely misses you. The gnoll hits you with a +0 club!
You see here a ball python corpse.
You hit the gnoll. You freeze the gnoll. You grab the gnoll.
You squeeze the gnoll.
The gnoll is severely wounded.
You hit the gnoll. You freeze the gnoll. You constrict the gnoll.
You kill the gnoll!
The gnoll hits you with a +0 club.
Your Transmutations skill increases to level 1!
The iguana misses you.
You closely miss the iguana. Your grab misses the iguana.
The gnoll hits you from afar with a +0 halberd!
The iguana misses you. The gnoll closely misses you. The iguana misses you.
The gnoll hits you from afar with a +0 halberd.
* * * LOW HITPOINT WARNING * * *
You see here 15 sling bullets.
The iguana bites you!
* * * LOW HITPOINT WARNING * * *
The gnoll hits you from afar with a +0 halberd!
You die...

###### ######## #....#
.......# #.##.# .......#
#.##.# .......###'##.####
.....(......g....##########
.................##.......#
≈.............g.l##†#####.#
≈#####........g.@##.# ###.#
..# #..............# #...#
≈...##...........#### #.###
≈...#######+##.########.#
.......................>#
....##########'##########
....##...............#
....##..........####.#
....##............<#.#


You could see an iguana and 3 gnolls.

Vanquished Creatures
  An iguana (D:4)
  2 adders
  A gnoll (D:4)
  2 worms (D:2)
  6 dart slugs
  An orc (D:3)
  2 bats (D:1)
  6 endoplasms
  5 giant cockroaches
  8 goblins
  4 hobgoblins
  4 jackals (D:1)
  13 kobolds
  2 quokkas
  9 ball pythons
  5 frilled lizards
  10 rats
81 creatures vanquished.

Vanquished Creatures (others)
  4 plants (D:2)
4 creatures vanquished.

Grand Total: 85 creatures vanquished

Notes
Turn   | Place    | Note
-------+----------+-------------------------------------------
     0 | D:1      | Descartes the Octopode Wanderer began the quest for the
                  | Orb.
     0 | D:1      | Descartes set off with the following items: a +0 dagger, a
                  | scroll of vulnerability, a +0 buckler, a +2 hat
     0 | D:1      | Reached XP level 1. HP: 13/13 MP: 1/1
   287 | D:1      | Reached XP level 2. HP: 17/18 MP: 2/2
   298 | D:1      | Reached skill level 1 in Stealth
   603 | D:1      | Reached XP level 3. HP: 22/23 MP: 4/4
   836 | D:1      | Reached skill level 1 in Spellcasting
  1066 | D:1      | Found a faded altar of an unknown god.
  1423 | D:2      | Reached XP level 4. HP: 28/28 MP: 5/5
  2764 | D:3      | Reached skill level 1 in Earth Magic
  2764 | D:3      | Reached XP level 5. HP: 29/33 MP: 6/6
  2911 | D:4      | Reached skill level 1 in Poison Magic
  2960 | D:4      | Found Hegaot's Self-Improvement Boutique.
  2968 | D:4      | Reached skill level 1 in Transmutations
  2994 | D:4      | Mangled by a gnoll

Illustrated notes

Levels and vault maps discovered:
D:1:      erik_arrival_blinker_ship, layout_basic,
          shapermc_ecumenical_altar_acropolis, glass_columns_a,
          grunt_decor_arrowhead
D:2:      layout_loops_cross, lexackson_kobold_supper
D:3:      layout_rooms, kennysheep_generic_room_7
D:4:      layout_basic, serial_shops, nicolae_shop_advertising_works
          [nicolae_subvault_shop_adworks], nicolae_shop_self_help, uniq_ijyb

Skill      XL: |  1  2  3  4  5 |
---------------+----------------+-----
Stealth        | 1 2 |  2.4
Spellcasting   | 1 |  1.3
Earth Magic    | 1 |  1.1
Poison Magic   | 1 |  1.1
Transmutations | 1 |  1.0
Fighting       | |  1.0
Dodging        | |  5.3
Shields        | |  4.9

Action                   |  1- 3 |  4- 6 || total
-------------------------+-------+-------++-------
Melee: Dagger            |    57 |       ||    57
       Constrict         |    21 |    21 ||    42
       Tentacles         |    19 |    12 ||    31
       Punch             |     3 |     1 ||     4
       Short sword       |    25 |    57 ||    82
       War axe           |       |    15 ||    15
  Use: Scroll            |       |     1 ||     1
 Stab: Sleeping          |    15 |     7 ||    22
       Distracted        |       |     1 ||     1
Armor: Skin              |     8 |     5 ||    13
Dodge: Dodged            |    49 |    44 ||    93
Block: Buckler           |    15 |     9 ||    24
